 Dungeon Crawl Stone Soup version 0.19-a0-1786-g230130f (webtiles) character file.

45 twist the Charmwright (level 3, -1/18 HPs)
             Began as a Vine Stalker Skald on Oct 3, 2016.
             Slain by an adder (3 damage)
             ... on level 2 of the Dungeon.
             The game lasted 00:02:10 (818 turns).

twist the Charmwright (Vine Stalker Skald)           Turns: 818, Time: 00:02:11

Health: -1/18      AC:  3    Str: 14    XL:     3   Next: 64%
Magic:  0/7        EV: 11    Int: 12    God:
Gold:   27         SH:  0    Dex: 14    Spells: 1 memorised, 5 levels left

rFire  . . .     SeeInvis .     a - +0 short sword
rCold  . . .     Gourm    .     b - +0 leather armour
rNeg   . . .     Faith    .     (no shield)
rPois  .         Spirit   +     (no helmet)
rElec  .         Dismiss  .     (no cloak)
rCorr  .         Reflect  .     (no gloves)
MR     .....     Harm     .     (no boots)
Stlth  +.........               (no amulet)
                                (no ring)
                                (no ring)

@: no status effects
A: fangs 2, magic shield, antimagic bite, no device heal 3, rot immunity
a: no special abilities


You were on level 2 of the Dungeon.
You were not hungry.

You visited 1 branch of the dungeon, and saw 2 of its levels.

You collected 27 gold pieces.

Inventory:

Hand Weapons
 a - a +0 short sword (weapon)
Armour
 b - a +0 leather armour (worn)
Scrolls
 e - a scroll of remove curse {unknown}
Potions
 f - a potion of flight {unknown}
Books
 c - a book of Battle

   Spells                             Type                      Level
   a - Infusion                       Charms                       1
   b - Shroud of Golubria             Charms/Translocation         2
   c - Song of Slaying                Charms                       2
   d - Spectral Weapon                Hexes/Charms                 3
   e - Regeneration                   Charms/Necromancy            3
Comestibles
 d - 2 bread rations
 g - 4 chunks of flesh
 h - a meat ration


   Skills:
 - Level 1.7 Fighting
 * Level 3.0 Short Blades
 - Level 0.7 Armour
 - Level 0.7 Dodging
 - Level 2.1 Spellcasting
 + Level 3.5 Charms


You had 5 spell levels left.
You knew the following spells:

 Your Spells              Type           Power        Failure   Level  Hunger
a - Infusion              Chrm           #...         10%         1    ##.....


Dungeon Overview and Level Annotations

Branches:
Dungeon (2/15)

Altars:


Innate Abilities, Weirdness & Mutations

You have extremely sharp teeth.
When hurt, damage is shared between your health and your magic reserves.
Your bite disrupts and absorbs the magic of your enemies.
Potions and wands cannot restore your health.
You are immune to rotting.


Message History

The leopard gecko is severely wounded.
The leopard gecko bites you.
You completely miss the leopard gecko.
The leopard gecko is severely wounded.
The leopard gecko barely misses you.
You closely miss the leopard gecko.
The leopard gecko is severely wounded.
The leopard gecko closely misses you.
You closely miss the leopard gecko. Your bite misses the leopard gecko.
The leopard gecko is severely wounded.
The leopard gecko bites you.
* * * LOW HITPOINT WARNING * * *
You hit the leopard gecko.
You kill the leopard gecko!
The adder barely misses you.
Unknown command.
You barely miss the adder. The adder bites you.
* * * LOW HITPOINT WARNING * * *
You miss the adder. Your bite misses the adder. The adder bites you.
You die...

............)..........[.###
...............####.#.##...#
........).÷.....# #.#....#.÷
.......%......#.###.#.......
........................####
............#...........##..
...........###.............#
........##S###............##
...#....##.@................
.....#..####.....P[P.....#..
....###.. #..##8.8.........
.. ..###...8........ ..
..8.......... ..
.#......##.. .## ######.##..
## #.#... #.....


You could see an adder.

Vanquished Creatures
  2 dart slugs (D:1)
  4 leopard geckos
  5 bats
  2 giant cockroaches
  3 goblins
  5 hobgoblins
  4 jackals (D:1)
  A ball python skeleton (D:2)
  A frilled lizard (D:1)
  6 rats
33 creatures vanquished.

Notes
Turn   | Place    | Note
-------+----------+-------------------------------------------
     0 | D:1      | twist the Vine Stalker Skald began the quest for the Orb.
     0 | D:1      | Reached XP level 1. HP: 11/11 MP: 4/4
   117 | D:1      | Reached XP level 2. HP: 8/15 MP: 4/6
   255 | D:1      | Reached XP level 3. HP: 11/18 MP: 7/7
   818 | D:2      | Slain by an adder

Vault maps used:
D:1:      tarquinn_simple_flora_water_b
D:2:      dancing_weapons_uskayaw, lemuel_doored_altar, serial_undead,
          serial_undead_b, serial_undead_c, serial_undead_a, serial_undead_a,
          first_bread, tgw_trog

Skill      XL: |  1  2  3 |
---------------+----------+-----
Short Blades   | 2 3 |  3.0
Fighting       | |  1.7
Armour         | |  0.7
Dodging        | |  0.7
Spellcasting   | |  2.1
Charms         | |  3.5

Action                   || total
-------------------------++-------
Melee: Short sword       ||    95
       Bite              ||    22
 Cast: Infusion          ||     1
Armor: Leather armour    ||    27
Dodge: Dodged            ||    62
